Map: Berlingrad LE

Players

A.I. 1 (Very Easy)

  • Race: Terran Terran
  • Spawn Location: 11:00

ftwoamove - Winner!

  • Race: Terran Terran
  • League: Platinum
  • Spawn Location: 5:00

VOD

Have the link to the VOD?

Description

Time

  • Played on: May 27, 2022, 1:39 p.m.
  • Length: 9:05
Show
View Real Time Build Order
Export as new Build Order

A.I. 1 (Very Easy) Terran 

Build Orders:  

Get SALT Encoding   

  12  0:00  SCV  
  13  0:13  SCV  
  14  0:18  Supply Depot  
  14  0:37  Refinery  
  14  0:42  Barracks  
  14  1:03  Supply Depot  
  14  1:12  Refinery  
  14  1:29  Marine  
  14  1:30  Orbital Command  
  15  1:48  Barracks Tech Lab  
  15  1:56  SCV  
  16  2:08  SCV  
  17  2:18  Marine  
  17  2:20  SCV  
  19  2:32  SCV  
  20  2:44  SCV  
  21  2:56  SCV  
  22  3:07  Marauder  
  24  6:53  SCV  
  25  6:54  Marine  
  25  6:55  Supply Depot  
  25  6:56  Factory  
  26  7:01  Command Center  
  26  7:05  SCV  
  27  7:17  SCV  
  27  7:19  Supply Depot  
  28  7:25  Marine  
  28  7:29  SCV  
  26  7:48  Starport  
  26  7:57  Marine  
  27  8:14  Refinery, SCV  
  28  8:21  SCV  
  28  8:26  Refinery, Starport Tech Lab  
  29  8:28  SCV  
  29  8:29  Marine  
  26  8:35  SCV  
  22  8:43  SCV  
  21  8:50  SCV  
Show
View Real Time Build Order
Export as new Build Order

ftwoamove Terran - Winner!

Build Orders:  

Get SALT Encoding   

  12  0:00  SCV  
  13  0:15  SCV  
  13  0:18  Supply Depot  
  14  0:27  SCV  
  15  0:40  Barracks  
  15  0:41  SCV  
  16  0:49  Refinery  
  16  0:53  SCV  
  17  1:05  SCV  
  18  1:17  SCV  
  19  1:30  Orbital Command  
  19  1:32  Marine  
  20  1:40  Command Center  
  20  1:52  Marine, Supply Depot  
  21  1:58  SCV  
  21  2:11  SCV  
  21  2:14  Factory  
  22  2:23  SCV  
  22  2:25  Barracks Reactor  
  23  2:35  SCV  
  24  2:38  Supply Depot  
  24  2:48  SCV  
  25  2:52  Orbital Command  
  25  2:58  Refinery, Factory Tech Lab  
  25  3:00  SCV  
  26  3:05  Barracks  
  26  3:07  Marine x2  
  26  3:12  SCV  
  29  3:19  Siege Tank  
  32  3:22  SCV  
  32  3:24  SCV  
  32  3:25  Marine  
  35  3:33  Marine  
  36  3:34  SCV  
  36  3:36  SCV  
  38  3:46  SCV  
  39  3:56  Barracks Tech Lab  
  39  4:06  SCV x2  
  39  4:08  Starport  
  41  4:16  Supply Depot  
  41  4:17  Supply Depot  
  41  4:18  Stimpack, SCV x2  
  41  4:21  Marine x2  
  41  4:22  Marauder  
  49  4:31  SCV x2  
  49  4:35  Command Center  
  49  4:36  Siege Tank  
  52  4:43  SCV x2  
  52  4:44  Supply Depot  
  52  4:45  Marine x2  
  56  4:46  Marauder  
  56  4:48  Starport Reactor  
  58  4:55  SCV x2  
  58  4:57  Refinery  
  58  4:58  Refinery  
  60  5:05  Marine x2, Supply Depot x2  
  62  5:07  SCV  
  63  5:14  Engineering Bay  
  63  5:15  SCV  
  63  5:17  Marine, Engineering Bay  
  65  5:25  SCV  
  65  5:27  SCV  
  67  5:35  Medivac x2  
  71  5:37  SCV  
  71  5:39  SCV  
  71  5:41  Terran Infantry Weapons Level 1  
  73  5:45  Marine x3  
  73  5:49  SCV  
  77  5:51  SCV  
  77  5:54  Supply Depot  
  77  5:56  Siege Tank  
  81  6:01  SCV  
  81  6:03  Marine, SCV  
  84  6:09  Marine x2  
  86  6:11  Medivac  
  86  6:13  SCV  
  86  6:15  SCV  
  90  6:20  Marine  
  92  6:25  SCV  
  92  6:27  SCV, Orbital Command  
  92  6:28  Marine  
  92  6:29  Marine  
  92  6:30  Siege Tank  
  92  6:32  Terran Infantry Armor Level 1  
  98  6:37  SCV  
  98  6:39  SCV  
  100  6:43  Marine  
  100  6:46  Marine  
  100  6:47  Marine  
  102  6:49  SCV  
  102  6:51  SCV  
  102  6:52  SCV  
  106  7:01  Marine  
  106  7:02  SCV  
  106  7:04  Reaper, SCV  
  106  7:05  Reaper  
  111  7:12  SCV  
  111  7:14  SCV  
  113  7:16  SCV  
  113  7:19  Marine  
  113  7:22  Barracks, Medivac  
  117  7:25  Command Center  
  117  7:27  Barracks, Supply Depot  
  117  7:28  Supply Depot x2  
  117  7:37  SCV  
  117  7:47  Refinery  
  117  7:48  Refinery  
  117  7:49  Siege Tank, Marine x3, SCV x3, Medivac  
  128  7:52  Medivac  
  130  8:01  SCV  
  130  8:02  SCV x2  
  130  8:05  Barracks x2  
  133  8:06  Marine x3, Command Center  
  133  8:09  Barracks  
  133  8:11  Armory  
  136  8:14  SCV x3  
  139  8:23  Marine x2  
  141  8:36  Marine x3  
  141  8:37  SCV x3  
  141  8:40  Marine x2  
  149  8:49  SCV x3  
  155  8:56  Barracks Tech Lab x2  
  155  8:57  Barracks Reactor  
Tags
 
League
Platinum
Matchup
TvT
Race
Terran
Spawn Locations
Cross Positions
Add a new tag
Caveats
  • Supply blocks, unpowered buildings, or Contaminate may cause inaccurate times.
  • Supply counts are checked every 10 seconds.